 Dungeon Crawl Stone Soup version 0.23-b1-67-g8bd44de8e4 (webtiles) character file.

Game seed: 5708128324962615463

587 DildoBatman the Stinger (level 7, -1/46 HPs)
             Began as a Formicid Wizard on Feb 6, 2019.
             Was an Initiate of Kikubaaqudgha.
             Slain by a wraith (10 damage)
             ... on level 6 of the Dungeon.
             The game lasted 00:26:14 (5617 turns).

DildoBatman the Stinger (Formicid Wizard)           Turns: 5617, Time: 00:26:15

Health: -1/46      AC:  6    Str: 15    XL:     7   Next: 65%
Magic:  7/11       EV: 12    Int: 20    God:    Kikubaaqudgha [......]
Gold:   369        SH:  0    Dex: 18    Spells: 6/12 levels left

rFire    . . .     SeeInvis +   c - +0 shortbow
rCold    + + .     Gourm    +   (no shield)
rNeg     . . .     Faith    .   A - +0 robe
rPois    .         Spirit   .   (helmet unavailable)
rElec    .         Reflect  .   z - +0 cloak {+Inv}
rCorr    .         Harm     .   q - +2 pair of gloves "Ynnar" {*Contam rC++ Str+4 Dex+9}
MR       .....                  (no boots)
Stlth    +++.......             m - amulet of the gourmand
HPRegen  0.15/turn              p - ring of flight
MPRegen  0.12/turn              (no ring)

@: no status effects
A: permanent stasis, dig shafts and tunnels, four strong arms, antennae 3
a: Dig, Shaft Self, Renounce Religion, Evoke Invisibility, Evoke Flight


You were on level 6 of the Dungeon.
You worshipped Kikubaaqudgha.
Kikubaaqudgha was noncommittal.
You were not hungry.

You visited 2 branches of the dungeon, and saw 8 of its levels.

You collected 369 gold pieces.

Inventory:

Hand Weapons
 a - a +0 quarterstaff
 b - a +0 trident
 c - a +0 shortbow (weapon)
 G - a +1 flail of draining
Missiles
 e - 71 stones
 g - 3 javelins
 h - 14 bolts
 r - 85 sling bullets
 w - 62 arrows (quivered)
 K - 7 tomahawks
Armour
 f - a +0 shield
 q - the +2 pair of gloves "Ynnar" (worn) {*Contam rC++ Str+4 Dex+9}
   (You found it on level 2 of the Dungeon)

   It affects your strength (+4).
   It affects your dexterity (+9).
   It greatly protects you from cold.
   It causes magical contamination when unequipped.
 z - a +0 cloak of invisibility (worn)
 A - a +0 robe (worn)
 E - a +0 leather armour of cold resistance
 F - a scarf of spirit shield
Jewellery
 m - an amulet of the gourmand (around neck)
 p - a ring of flight (left hand)
 s - an uncursed ring of ice
 J - a +4 ring of intelligence {unknown}
Wands
 B - a wand of paralysis (9)
Scrolls
 l - 2 scrolls of identify
 n - a scroll of fear
 y - 2 scrolls of enchant weapon
 C - 2 scrolls of remove curse
 D - 2 scrolls of fog
 H - a scroll of blinking {unknown}
 I - 2 scrolls of random uselessness {unknown}
Potions
 d - a potion of ambrosia {unknown}
 i - a potion of haste {unknown}
 j - a potion of degeneration {unknown}
 k - a potion of mutation {unknown}
 o - a potion of flight {unknown}
 t - a potion of invisibility {unknown}
 u - a potion of lignification {unknown}
 x - 4 potions of curing {unknown}
Comestibles
 v - 7 rations
 L - 5 chunks of flesh


   Skills:
 - Level 1.7 Dodging
 - Level 3.4 Stealth
 - Level 3.2 Spellcasting
 - Level 4.0 Conjurations
   Level 1.0 Summonings
   Level 0.8 Translocations
 - Level 3.0 Air Magic
 * Level 5.7 Poison Magic


You had 6 spell levels left.
You knew the following spells:

 Your Spells              Type           Power        Failure   Level  Hunger
a - Slow                  Hex            #.......     22%         2    ##.....
c - Magic Dart            Conj           ###.         2%          1    None
e - Mephitic Cloud        Conj/Pois/Air  ###.....     8%          3    ###....

Your spell library contained the following spells:

 Spells                   Type           Power        Failure   Level  Hunger
 Summon Small Mammal      Summ           #...         10%         1    None
 Call Imp                 Summ           #.......     14%         2    ##.....
 Conjure Flame            Conj/Fire      ##......     19%         3    ###....
 Call Canine Familiar     Summ           #.......     28%         3    ###....
 Summon Guardian Golem    Hex/Summ       #.......     34%         3    ###....
 Summon Lightning Spire   Summ/Air       ##......     52%         4    ####...
 Summon Ice Beast         Ice/Summ       #.......     75%         4    ####...
 Blink                    Tloc           Unusable     N/A         2    N/A

Dungeon Overview and Level Annotations

Branches:
Dungeon (7/15)             Temple (1/1) D:6

Altars:
Ashenzari
Cheibriados
Dithmenos
Elyvilon
Fedhas
Gozag
Hepliaklqana
Kikubaaqudgha
Makhleb
Okawaru
Qazlal
Ru
Sif Muna
Trog
Vehumet
Wu Jian
Xom
Yredelemnul
Zin

Shops:
D:5 [   D:6 (

Annotations:
D:3 2 exclusions, Natasha
D:4 exclusions: iguana, 2 orc priests and 2 sensed monsters (detected)
D:5 exclusions: centaur, ice beast, sensed monster (detected), skeleton and worm, Menkaure
D:6 1 runed translucent door, exclusions: adder and wyvern, Crazy Yiuf


Innate Abilities, Weirdness & Mutations

You cannot be hasted, slowed, berserked, paralysed or teleported.
You can dig through walls and to a lower floor.
Your four strong arms can wield two-handed weapons with a shield.
You have a pair of large antennae on your head. (SInv)


Message History

Things that are here:
a +0 giant club 5 chunks of flesh an ogre skeleton
L - 5 chunks of flesh Menkaure calls on the powers of darkness!
Your body is wracked with pain!
There is a stone staircase leading down here.
You climb downwards.
Level annotation: 1 runed translucent door, exclusions: adder and wyvern, Crazy Yiuf The wraith hits you!
The wraith barely misses you.
There is a stone staircase leading up, spattered with blood here.
You extend your mandibles.
You dig through the rock wall.
You dig through the rock wall.
You dig through the rock wall.
The wraith hits you!
You die...
Kikubaaqudgha rasps: "You have failed me!
Welcome... death!"

...# ....#.##...##
...##.....ยง.#.##..... #
#..#.....#..#........
..#.......##...........
.............#.....##
.....##
#.......##.........#
.......
#...##..#...####....
.......
#...W##..#.###......
.......
#..@#.#..........#..
.......
........##W........###W.
.......
........#..........###..
.......
...##..............#.#..
.....(. ..
.........#...##.#.##
.......
....#..###...###########
.......
....#........##.##
..8.8..
.............#...##
.......
...........##.....#


You could see a wraith.

Vanquished Creatures
  An ogre (D:5)
  A centaur (D:7)
  A big kobold (D:7)
  A bullfrog (D:7)
  2 crimson imps (D:6)
  An orc wizard (D:3)
  A hound skeleton (D:5)
  6 adders
  A shadow imp (D:5)
  An ooze (D:4)
  4 dart slugs
  A worm (D:3)
  4 leopard geckos
  7 orcs
  3 ball pythons (D:3)
  8 bats
  5 giant cockroaches
  13 goblins
  6 hobgoblins
  2 jackals (D:2)
  2 quokkas
  5 frilled lizards
  18 kobolds
  A quokka skeleton (D:7)
  13 rats
108 creatures vanquished.

Notes
Turn   | Place    | Note
-------+----------+-------------------------------------------
     0 | D:1      | DildoBatman the Formicid Wizard began the quest for the
                  | Orb.
     0 | D:1      | Reached XP level 1. HP: 13/13 MP: 4/4
    21 | D:1      | Reached skill level 1 in Conjurations
   171 | D:1      | Reached XP level 2. HP: 19/19 MP: 3/6
   494 | D:1      | Reached XP level 3. HP: 24/24 MP: 0/7
  1121 | D:2      | Learned a level 2 spell: Slow
  1125 | D:2      | Learned a level 3 spell: Mephitic Cloud
  1154 | D:2      | Got a pair of fine gloves
  1175 | D:2      | Identified the +2 pair of gloves "Ynnar" {*Contam rC++
                  | Str+4 Dex+9} (You found it on level 2 of the Dungeon)
  1229 | D:2      | Found a shimmering altar of Xom.
  1237 | D:2      | Found a shimmering altar of Xom.
  1238 | D:2      | Found a shimmering altar of Xom.
  1311 | D:2      | Reached XP level 4. HP: 30/30 MP: 2/8
  1334 | D:2      | Found an iron altar of Okawaru.
  1403 | D:2      | Found a shimmering altar of Xom.
  1404 | D:2      | Found a shimmering altar of Xom.
  1404 | D:2      | Found a shimmering altar of Xom.
  1404 | D:2      | Found a shimmering altar of Xom.
  1798 | D:3      | Found a sacrificial altar of Ru.
  2064 | D:3      | Noticed Natasha
  2532 | D:3      | Reached XP level 5. HP: 30/35 MP: 9/9
  2640 | D:3      | Reached skill level 1 in Poison Magic
  3068 | D:4      | Reached skill level 1 in Air Magic
  3541 | D:4      | Reached skill level 2 in Poison Magic
  3585 | D:5      | Entered Level 5 of the Dungeon
  3585 | D:5      | Noticed an ice beast
  3725 | D:5      | Noticed an ogre
  3727 | D:5      | Found Ijisoytu's Antique Armour Emporium.
  3830 | D:5      | Reached XP level 6. HP: 38/41 MP: 3/10
  3992 | D:5      | Noticed an ice beast
  4440 | D:6      | Noticed Menkaure
  4443 | D:6      | Noticed an ogre
  4602 | D:6      | Found a runed translucent door.
  4603 | D:6      | Noticed Crazy Yiuf
  4643 | D:6      | Noticed a wyvern
  4660 | D:6      | Noticed a wraith
  4764 | D:6      | Found Mual's Weapon Boutique.
  4826 | D:6      | Found a staircase to the Ecumenical Temple.
  4835 | Temple   | Entered the Ecumenical Temple
  4881 | Temple   | Became a worshipper of Kikubaaqudgha
  5075 | D:7      | Found a stormy altar of Qazlal.
  5117 | D:7      | Reached skill level 3 in Poison Magic
  5243 | D:7      | Noticed a hippogriff
  5253 | D:7      | Reached skill level 4 in Poison Magic
  5253 | D:7      | Reached XP level 7. HP: 35/46 MP: 2/11
  5596 | D:5      | Reached skill level 5 in Poison Magic
  5617 | D:6      | Slain by a wraith

Skill      XL: |  1  2  3  4  5  6  7 |
---------------+----------------------+-----
Conjurations   | 1 2 3 4 |  4.0
Poison Magic   | 2 4 5 |  5.7
Stealth        | 3 |  3.4
Air Magic      | 1 2 3 |  3.0
Dodging        | |  1.7
Spellcasting   | |  3.2
Summonings     | |  1.0
Translocations | |  0.8

Action                   |  1- 3 |  4- 6 |  7- 9 || total
-------------------------+-------+-------+-------++-------
Melee: Unarmed           |    14 |       |       ||    14
       Short sword       |     5 |    57 |       ||    62
       Trident           |       |     4 |     2 ||     6
       Quarterstaff      |       |    14 |    22 ||    36
 Fire: Shortbow          |       |       |    15 ||    15
 Cast: Magic Dart        |    86 |   127 |    30 ||   243
       Slow              |       |     9 |       ||     9
       Mephitic Cloud    |       |     4 |     3 ||     7
 Abil: Dig               |     4 |    14 |     3 ||    21
Evoke: Wand              |       |     2 |       ||     2
  Use: Scroll            |       |     5 |       ||     5
 Stab: Confused          |       |     2 |       ||     2
       Sleeping          |       |       |     1 ||     1
  Eat: Chunk             |     2 |    10 |     1 ||    13
       Ration            |       |     1 |     1 ||     2
Armor: Robe              |     6 |    28 |     7 ||    41
Dodge: Dodged            |    21 |    89 |    19 ||   129
